 Dungeon Crawl Stone Soup version 0.30.1-3-gfc49f6343a (webtiles) character file.

Game seed: 5971571653371429215

31994 Wiggles the Executioner (level 13, 0/142 HPs)
             Began as a Minotaur Berserker on Aug 8, 2023.
             Was a High Priest of Trog.
             Succumbed to a black mamba's poison
             ... on level 3 of the Lair of Beasts.
             The game lasted 00:25:28 (13616 turns).

Wiggles the Executioner (Minotaur Berserker)       Turns: 13616, Time: 00:25:29

Health: 0/142      AC: 25    Str: 32    XL:     13   Next: 29%
Magic:  1/12       EV:  8    Int:  7    God:    Trog [*****.]
Gold:   1539       SH:  5    Dex: 16    Spells: 12/12 levels left

rFire   . . .        R - +2 battleaxe (protect)
rCold   . . .        (shield currently unavailable)
rNeg    . . .        G - +3 plate armour
rPois   .            B - +0 hat {Stlth+}
rElec   +            F - scarf {shadows}
rCorr   .            N - +1 pair of gloves "Wiynuphyhya" {Drain rElec Stlth+}
SInv    .            w - +0 pair of boots "Ingac" {Str+3}
Will    .....        J - amulet of reflection Stlth
                     c - +4 ring of slaying
HPRegen 0.43/turn    o - ring "Kuetim" {rElec Str+2 Int+3 Dex+6}
MPRegen 0.13/turn

%: reflection
@: berserking, lethally poisoned (0 -> -23), marked, under a protective aura,
studying Stealth, very quick
A: horns 2, retaliatory headbutt
a: Renounce Religion, Berserk, Trog's Hand, Brothers in Arms


You were on level 3 of the Lair of Beasts.
You worshipped Trog.
Trog was extremely pleased with you.
You visited 2 branches of the dungeon, and saw 15 of its levels.

You collected 1539 gold pieces.

Inventory:

Hand Weapons
 R - a +2 battleaxe of protection (weapon)
Missiles
 e - 5 boomerangs (quivered)
 r - 2 throwing nets
Armour
 w - the +0 pair of boots "Ingac" (worn) {Str+3}
   (You acquired it on level 9 of the Dungeon)

   Str:       It affects your strength (+3).
 y - a +0 cloak
 B - a +0 hat of stealth (worn)
 F - a scarf of shadows (worn)
 G - a +3 plate armour (worn)
 N - the +1 pair of gloves "Wiynuphyhya" (worn) {Drain rElec Stlth+}
   (You found it on level 8 of the Dungeon)

   rElec:     It insulates you from electricity.
   Drain:     It drains your maximum health when unequipped.
   Stlth:     It makes you more stealthy.
Jewellery
 b - a ring of protection from fire
 c - a +4 ring of slaying (left hand)
 g - a ring of positive energy
 j - a ring of flight
 m - a ring of poison resistance
 o - the ring "Kuetim" (right hand) {rElec Str+2 Int+3 Dex+6}
   (You acquired it on level 8 of the Dungeon)

   [ring of dexterity]

   Str:       It affects your strength (+2).
   Int:       It affects your intelligence (+3).
   Dex:       It affects your dexterity (+6).
   rElec:     It insulates you from electricity.
 q - a ring of magical power
 I - an amulet of magic regeneration
 J - an amulet of reflection (around neck)
Wands
 v - a wand of flame (5)
 C - a wand of digging (3)
 H - a wand of charming (3)
 L - a wand of mindburst (3)
 M - a wand of roots (10)
 P - a wand of polymorph (5)
Scrolls
 d - 6 scrolls of teleportation
 f - 3 scrolls of poison
 h - 2 scrolls of noise
 p - 4 scrolls of fear
 s - 2 scrolls of immolation
 u - 2 scrolls of fog
 D - 2 scrolls of summoning
 K - a scroll of vulnerability
Potions
 a - 2 potions of haste
 i - a potion of cancellation
 k - 5 potions of curing
 l - 3 potions of degeneration
 n - 2 potions of brilliance
 t - 2 potions of might
 x - 5 potions of lignification
 z - 6 potions of heal wounds
 A - a potion of attraction {unknown}
 E - 2 potions of ambrosia
 O - 2 potions of magic {unknown}
 Q - 2 potions of invisibility {unknown}
 S - a potion of resistance {unknown}


   Skills:
 - Level 3.6 Fighting
 + Level 23.8 Axes
 - Level 0.1 Throwing
 + Level 4.0 Armour
 - Level 2.1 Dodging
 * Level 5.3 Stealth
 - Level 8.4 Shields
 - Level 1.8 Evocations


You had 12 spell levels left.
You didn't know any spells.
Your spell library was empty.

Dungeon Overview and Level Annotations

Branches:
Dungeon (12/15)            Temple (0/1) D:7            Lair (3/5) D:9
 Shoals (0/4) Lair:2        Snake (0/4) Lair:2          Orc (0/2) D:9

Altars:
Ashenzari
Cheibriados
Gozag
Hepliaklqana
Makhleb
Okawaru
Ru
Vehumet
Wu Jian
Xom
Yredelemnul
Zin

Shops:
D:3 :

Annotations:
D:12 2 runed translucent doors


Innate Abilities, Weirdness & Mutations

You have a pair of horns on your head.
You reflexively headbutt those who attack you in melee.


Message History

The 11-headed hydra bites you!
* * * LOW HITPOINT WARNING * * *
The 11-headed hydra bites you.
* * * LOW HITPOINT WARNING * * *
The 11-headed hydra bites you but does no damage.
The 11-headed hydra bites you!
* * * LOW HITPOINT WARNING * * *
You barely miss Rupert.
Rupert is almost dead.
You lop one of the 11-headed hydra's heads off!
The ten-headed hydra grows two more!
You slash the 12-headed hydra! You slash the black mamba! You slice the wolf!!
You kill the wolf!
Trog accepts your kill.
You feel sick.
A wolf comes into view.
The blink frog blinks!
The black mamba bites you but does no damage.
You slice Rupert!!
You kill Rupert!
Trog accepts your kill.
You slice the wolf!!
You kill the wolf!
Trog accepts your kill.
You lop one of the 12-headed hydra's heads off!
The 11-headed hydra grows two more!
You slice the 13-headed hydra!!
You kill the 13-headed hydra!
Trog accepts your kill.
You miss the black mamba.
You feel sick.
A basilisk comes into view.
The black mamba bites you!
* * * LOW HITPOINT WARNING * * *
You are more poisoned.
The black mamba poisons you!
Your Armour skill increases to level 4!
Your Stealth skill increases to level 5!
Unknown command.
You are too berserk!
The wolf attacks as you move away! The wolf bites you but does no damage.
You die...

# #..### ##.##....# #
###.÷.####l##....#
###..⌠.+..##..†...#
##.....#.<...#h.†.#
.....#####P..#[...#
....## #...#.hF.#
...## ##..#..h†# ...#
#...#.S.†# .⌠.#
###..#..@.#
...######P...#....#
.............##....#
...#.........###....#
....#...###.##
###...# ##...#### ###
##... ##...# ##.
#....# ##....#


You could see a black mamba, a blink frog and 3 wolves.

Vanquished Creatures
  Rupert (Lair:3)
  Gastronok (Lair:2)
  2 hydras
  An ogre mage (D:11)
  A centaur warrior (D:7)
  7 two-headed ogres
  3 skysharks (Lair:2)
  A skeletal warrior (D:7)
  An ugly thing (D:11)
  An orc sorcerer (D:9)
  A cyclops (D:11)
  3 elephants (Lair:2)
  4 black mambas
  5 cane toads
  The ghost of BillyBaka the Trooper, a novice DjFE (D:4)
  Psyche (D:11)
  2 gargoyles
  2 kobold demonologists (D:11)
  4 komodo dragons
  3 trolls
  A meliai (shapeshifter) (D:7)
  3 polar bears
  The ghost of WaxSun the Chopper, an amateur FoCK of Xom (D:3)
  Grinder (D:5)
  4 blink frogs (Lair:2)
  2 slime creatures (D:7)
  A wraith (D:11)
  A shadow (D:7)
  22 yaks
  4 wyverns
  A basilisk (Lair:1)
  3 vampire mosquitoes (D:12)
  A steam dragon (D:10)
  A naga (Lair:2)
  An acid dragon (D:10)
  7 water moccasins
  3 orc warriors
  6 black bears
  2 ice beasts
  An ogre (D:11)
  10 wolves
  4 centaurs
  A phantom (D:7)
  3 kobold brigands
  Blork the orc (D:4)
  12 bullfrogs
  2 scorpions
  4 wights (D:8)
  An electric eel (D:10)
  5 howler monkeys
  A centaur zombie (D:6)
  A gnoll bouda (D:5)
  2 jellies (D:5)
  4 hounds
  7 orc priests
  3 sleepcaps
  2 iguanas
  3 orc wizards
  9 hell rats
  A killer bee zombie (D:6)
  A mummy (D:3)
  5 adders
  3 gnolls (D:5)
  A shadow imp (D:5)
  3 white imps
  2 ufetubi
  2 worms (D:2)
  19 orcs
  7 bats
  9 endoplasms
  7 giant cockroaches
  7 goblins
  4 hobgoblins
  15 kobolds
  2 quokkas
  5 ball pythons
  A frilled lizard (D:1)
  6 rats
  2 butterflies (Lair:2)
288 creatures vanquished.

Notes
Turn   | Place    | Note
-------+----------+-------------------------------------------
     0 | D:1      | Wiggles the Minotaur Berserker began the quest for the Orb.
     0 | D:1      | Reached XP level 1. HP: 19/19 MP: 0/0
    43 | D:1      | Reached skill level 4 in Axes
    85 | D:1      | Reached XP level 2. HP: 26/26 MP: 1/1
   369 | D:1      | Reached ** piety under Trog
   898 | D:2      | Reached skill level 5 in Axes
  1008 | D:2      | Reached XP level 3. HP: 31/31 MP: 2/2
  1775 | D:3      | Reached XP level 4. HP: 39/39 MP: 3/3
  1805 | D:3      | Found a shimmering altar of Xom.
  1935 | D:3      | Found a runed translucent door.
  1940 | D:3      | Noticed WaxSun's ghost (amateur FoCK)
  2066 | D:3      | Found a snail-covered altar of Cheibriados.
  2075 | D:3      | Reached skill level 6 in Axes
  2413 | D:3      | Found Houhal's Vocational Training.
  2577 | D:3      | Killed WaxSun's ghost
  2578 | D:3      | Reached skill level 8 in Axes
  2578 | D:3      | Reached skill level 1 in Stealth
  2578 | D:3      | Reached XP level 5. HP: 45/45 MP: 4/4
  2578 | D:3      | Reached XP level 6. HP: 51/51 MP: 5/5
  2766 | D:4      | Noticed Blork the orc
  2779 | D:4      | Killed Blork the orc
  2889 | D:4      | You fall into a shaft and drop 2 floors!
  2891 | D:6      | Noticed a two-headed ogre
  2899 | D:6      | Killed a two-headed ogre
  2900 | D:6      | Reached skill level 11 in Axes
  2900 | D:6      | Reached XP level 7. HP: 57/57 MP: 6/6
  3008 | D:5      | Entered Level 5 of the Dungeon
  3044 | D:5      | Reached *** piety under Trog
  3159 | D:4      | Found a broken altar of Ashenzari.
  3228 | D:4      | Found an opulent altar of Gozag.
  3462 | D:4      | Reached XP level 8. HP: 64/64 MP: 7/7
  3610 | D:4      | Found a radiant altar of Vehumet.
  3619 | D:4      | Found a runed translucent gate.
  3619 | D:4      | Found a runed translucent gate.
  3619 | D:4      | Noticed BillyBaka's ghost (novice DjFE)
  3621 | D:4      | Found a runed translucent gate.
  3636 | D:4      | Killed BillyBaka's ghost
  3637 | D:4      | Reached skill level 12 in Axes
  4032 | D:5      | Found a burning altar of Makhleb.
  4135 | D:5      | Noticed Grinder
  4141 | D:5      | Paralysed by Grinder for 5 turns
  4148 | D:5      | Killed Grinder
  4149 | D:5      | Reached skill level 13 in Axes
  5097 | D:6      | Found a sacrificial altar of Ru.
  5258 | D:6      | Reached XP level 9. HP: 70/70 MP: 8/8
  5508 | D:6      | Reached skill level 14 in Axes
  5538 | D:6      | Found a basalt altar of Yredelemnul.
  5749 | D:7      | Found an iron altar of Okawaru.
  5968 | D:7      | Found a staircase to the Ecumenical Temple.
  6344 | D:8      | Found an ornate altar of the Wu Jian Council.
  6425 | D:8      | Identified the +1 pair of gloves "Wiynuphyhya" {Drain rElec
                  | Stlth+}
  6626 | D:8      | Reached skill level 15 in Axes
  6728 | D:7      | Noticed a gargoyle
  6734 | D:7      | Killed a gargoyle
  6784 | D:7      | Noticed a meliai
  6787 | D:7      | Noticed a skeletal warrior
  6795 | D:7      | Killed a meliai
  6796 | D:7      | Reached skill level 1 in Shields
  6799 | D:7      | Reached skill level 16 in Axes
  6806 | D:7      | Reached XP level 10. HP: 23/77 MP: 9/9
  6808 | D:7      | Killed a skeletal warrior
  7004 | D:7      | Noticed a centaur warrior
  7013 | D:7      | Killed a centaur warrior
  7014 | D:7      | Reached skill level 17 in Axes
  7164 | D:7      | Reached **** piety under Trog
  7314 | D:9      | Found a staircase to the Orcish Mines.
  7484 | D:9      | Reached skill level 18 in Axes
  7649 | D:8      | Identified a scroll of acquirement
  7649 | D:8      | Acquired the ring "Kuetim" {rElec Str+2 Int+3 Dex+6}
  7936 | D:9      | Found a staircase to the Lair.
  8538 | D:9      | Noticed an orc sorcerer
  8545 | D:9      | Killed an orc sorcerer
  8613 | D:9      | Acquired the +0 pair of boots "Ingac" {Str+3}
  8705 | D:10     | Entered Level 10 of the Dungeon
  8877 | D:10     | Noticed a gargoyle
  8901 | D:10     | Killed a gargoyle
  8902 | D:10     | Reached XP level 11. HP: 67/82 MP: 10/10
  9410 | D:10     | Found a hazy altar of Hepliaklqana.
  9419 | D:10     | Found a glowing silver altar of Zin.
  9489 | D:11     | Noticed a two-headed ogre
  9499 | D:11     | Noticed an ogre mage
  9499 | D:11     | Noticed a two-headed ogre
  9508 | D:11     | Killed a two-headed ogre
  9509 | D:11     | Reached skill level 19 in Axes
  9510 | D:11     | Noticed a two-headed ogre
  9513 | D:11     | Killed an ogre mage
  9516 | D:11     | Noticed a two-headed ogre
  9519 | D:11     | Killed a two-headed ogre
  9523 | D:11     | Killed a two-headed ogre
  9527 | D:11     | Killed a two-headed ogre
  9742 | D:11     | Reached skill level 20 in Axes
  9742 | D:11     | Reached skill level 5 in Shields
  9789 | D:11     | Noticed a two-headed ogre
  9797 | D:11     | Killed a two-headed ogre
  9893 | D:11     | Noticed a soul eater
  9938 | D:11     | Noticed a green ugly thing
  9942 | D:11     | Killed a green ugly thing
 10011 | D:11     | Reached ***** piety under Trog
 10082 | D:11     | Noticed Psyche
 10092 | D:11     | Killed Psyche
 10319 | D:12     | Found a runed translucent door.
 10319 | D:12     | Found a runed translucent door.
 10319 | D:12     | Noticed a merfolk avatar
 10319 | D:12     | Noticed a merfolk impaler
 10456 | D:12     | Noticed a two-headed ogre
 10470 | D:12     | Killed a two-headed ogre
 10471 | D:12     | Reached skill level 21 in Axes
 10757 | Lair:1   | Entered Level 1 of the Lair of Beasts
 10774 | Lair:1   | Reached XP level 12. HP: 90/90 MP: 11/11
 11265 | Lair:1   | Reached skill level 22 in Axes
 11834 | Lair:1   | Reached skill level 1 in Evocations
 11981 | Lair:2   | Received a gift from Trog
 11990 | Lair:2   | Found a staircase to the Snake Pit.
 12111 | Lair:2   | Noticed Gastronok
 12123 | Lair:2   | Killed Gastronok
 12364 | Lair:2   | Reached skill level 23 in Axes
 12431 | Lair:2   | Found a staircase to the Shoals.
 12926 | Lair:2   | Noticed a five-headed hydra
 12930 | Lair:2   | Killed a seven-headed hydra
 12998 | Lair:2   | Reached XP level 13. HP: 84/95 MP: 12/12
 13599 | Lair:3   | Noticed Rupert
 13607 | Lair:3   | Paralysed by Rupert for 2 turns
 13615 | Lair:3   | Killed Rupert
 13615 | Lair:3   | HP: 4/142 [black mamba (12)]
 13616 | Lair:3   | Reached skill level 5 in Stealth
 13616 | Lair:3   | Succumbed to a black mamba's poison

Illustrated notes

Levels and vault maps discovered:
D:1:      lightli_arrival_noodles, layout_loops_cross
D:2:      minmay_diamond_boxcup, layout_basic
D:3:      layout_basic, nicolae_overflow_hidden_temple, slow_altar_1,
          ebering_ghost_reflecting_pool, nicolae_shop_vocational
D:4:      layout_basic, nicolae_vehumet_altar_sigil, evilmike_ruin_ashenzari,
          nicolae_gozag_seed_capital, ebering_ghost_rock_garden,
          kennysheep_decorative_pillar, minmay_quadrilaterals,
          uniq_blork_the_orc
D:5:      layout_loops_corners, nicolae_overflow_crystal_walls,
          kennysheep_cross_bottleneck, minmay_crossroads, uniq_grinder
D:6:      layout_loops_cross, lemuel_zombie_altar_yredelemnul,
          nicolae_ru_sacrificial_ziggurat
D:7:      minmay_klotski, layout_basic, lemuel_round_altar,
          minmay_temple_entry_proselytizer
D:8:      layout_gridville, pdpol_wu_jian_five_deadly_venoms
D:9:      layout_basic, lair_entry_dummy, orc_0_dummy, minmay_librarian
D:10:     layout_roguey, mainiacjoe_overflow_swirl, minivault_4
D:11:     layout_roguey, lemuel_flamethrower_1, uniq_psyche
D:12:     layout_stronghold, mikee_hates_you
Lair:1:   layout_loops_ring
Lair:2:   layout_regular_city, elwin_shoals_entry_rocks,
          guppyfry_snake_entry_island, minmay_shattered_shrine,
          lemuel_fruit_fields, lemuel_fruit_fields, uniq_gastronok
Lair:3:   layout_loops_ring, ldierk_geyser, wad_woods_road_01, nzn_random_ring,
          grunt_megastairs_4, uniq_amaemon, uniq_rupert

Skill      XL: |  1  2  3  4  5  6  7  8  9 10 11 12 13 |
---------------+----------------------------------------+-----
Axes           | 4 5 8 11 13 16 18 21 23 | 23.8
Stealth        | 1 2 3 4 5 |  5.3
Shields        | 1 3 6 8 |  8.4
Evocations     | 1 |  1.8
Armour         | 4 |  4.0
Fighting       | |  3.6
Throwing       | |  0.1
Dodging        | |  2.1

Action                     |  1- 3 |  4- 6 |  7- 9 | 10-12 | 13-15 || total
---------------------------+-------+-------+-------+-------+-------++-------
  Melee: Hand axe          |    57 |    37 |   152 |       |       ||   246
         Headbutt          |     8 |     5 |    32 |    82 |    17 ||   144
         Punch             |       |       |     1 |       |       ||     1
         War axe           |       |       |    25 |       |       ||    25
         Battleaxe         |       |       |    18 |   332 |    60 ||   410
  Throw: Boomerang         |     3 |       |       |       |       ||     3
 Invoke: Berserk           |       |     3 |     4 |     3 |     1 ||    11
  Evoke: Wand              |       |       |       |     6 |       ||     6
    Use: Scroll            |       |       |       |    26 |     1 ||    27
 Armour: Chain mail        |    21 |     3 |    24 |       |       ||    48
         Plate armour      |       |       |    49 |   160 |    29 ||   238
  Dodge: Dodged            |    32 |    19 |    58 |    98 |    16 ||   223
  Block: Other             |       |       |    19 |    63 |    10 ||    92
         Reflection        |       |       |     1 |     7 |       ||     8
